 Dungeon Crawl Stone Soup version 0.19.1 (webtiles) character file.

3344 tognito the Fighter (level 9, 0/132 HPs)
             Began as a Minotaur Berserker on Nov 26, 2016.
             Was an Elder of Trog.
             Killed from afar by an electric eel (3 damage)
             ... with a bolt of electricity
             ... on level 8 of the Dungeon.
             The game lasted 00:16:56 (7461 turns).

tognito the Fighter (Minotaur Berserker)            Turns: 7461, Time: 00:16:57

Health: 0/132      AC:  9    Str: 29 (30) XL:     9   Next: 72%
Magic:  8/8        EV: 14    Int:  4      God:    Trog [****..]
Gold:   473        SH:  0    Dex:  9 (10) Spells: 0 memorised, 8 levels left

rFire  . . .     SeeInvis .     a - +1 battleaxe
rCold  . . .     Gourm    .     B - +0 ring mail {rPois}
rNeg   . . .     Faith    +     (shield currently unavailable)
rPois  +         Spirit   .     (helmet restricted)
rElec  .         Reflect  .     (no cloak)
rCorr  .         Harm     .     f - +1 pair of gloves
MR     +....     Clarity  +     (no boots)
Stlth  ..........               y - amulet of faith
                                (no ring)
                                n - ring of protection from magic

@: berserking, lethally poisoned (0 -> -3), very quick
A: retaliatory headbutt, horns 2, rugged brown scales 1, clarity, deterioration
1
a: Berserk, Trog's Hand, Brothers in Arms, Burn Spellbooks, Renounce Religion


You were on level 8 of the Dungeon.
You worshipped Trog.
Trog was greatly pleased with you.
You were hungry.

You visited 1 branch of the dungeon, and saw 8 of its levels.

You collected 473 gold pieces.

Inventory:

Hand Weapons
 a - a +1 battleaxe (weapon)
 b - the +6 hand crossbow "Hyod Nui" {speed, -Tele rN+ Stlth+}
   (You found it on level 8 of the Dungeon)

   Attacks with this weapon are significantly faster.
   It protects you from negative energy.
   It prevents most forms of teleportation.
   It makes you more stealthy.
Missiles
 s - 108 bolts
Armour
 f - a +1 pair of gloves (worn)
 B - a +0 ring mail of poison resistance (worn)
Jewellery
 n - a ring of protection from magic (left hand)
 o - an uncursed amulet of magic regeneration
 y - an amulet of faith (around neck)
Wands
 j - a wand of acid (6/15)
 u - a wand of slowing (19/48)
 w - a wand of iceblast (6/15)
 A - a wand of random effects (23/48)
 C - a wand of polymorph (14/24)
Scrolls
 e - 2 scrolls of fog
 h - a scroll of enchant weapon
 i - 6 scrolls of remove curse
 r - 6 scrolls of identify
 x - a scroll of magic mapping
Potions
 l - 5 potions of curing
 z - a potion of might
Comestibles
 c - 3 bread rations
 g - 2 beef jerkies
 q - 3 meat rations
 v - 5 fruits


   Skills:
 * Level 10.3 Fighting
 * Level 10.3 Axes
 + Level 7.0 Armour
 + Level 6.3 Dodging


You had 8 spell levels left.
You didn't know any spells.

Dungeon Overview and Level Annotations

Branches:
Dungeon (8/15)             Temple (0/1) D:6
   Lair: D:8-11

Altars:
Elyvilon
Gozag
Kikubaaqudgha
Makhleb
Ru
Sif Muna
Trog
Uskayaw
Vehumet
The Shining One

Shops:
D:4 }


Innate Abilities, Weirdness & Mutations

You reflexively headbutt those who attack you in melee.
You have a pair of horns on your head.
You are partially covered in rugged brown scales. (AC +1, +3% HP)
You possess an exceptional clarity of mind.
Your body sometimes deteriorates upon taking damage.


Message History

You slash the worker ant! You slice the ice beast!!
You kill the ice beast!
Trog accepts your kill.
You feel sick. The worker ant closely misses you. You furiously retaliate!
You headbutt the worker ant!!
You kill the worker ant!
Trog accepts your kill.
Your Armour skill increases to level 7!
The white imp barely misses you.
An electric eel comes into view.
You slice the death yak!! Your headbutt misses the death yak.
The death yak is heavily wounded.
You slice the white imp!!
You kill the white imp!
Trog accepts your kill. The death yak gores you.
* * * LOW HITPOINT WARNING * * *
The electric eel shoots out a bolt of lightning at you!
The bolt of electricity hits you!
You die...

*,,,≈≈≈,,,,,,,*,,,,##..##..
*≈,.≈≈≈≈.,#...',..,*#+#####
*≈,.≈..≈.##..#*...,**,,#...
*≈≈≈≈..≈.≈...##...,**,,#.[.
*,≈;...≈≈≈......,,,,,,,#...
*,≈..≈≈≈.≈.....,,,,,,,,#...
*,≈...≈≈..#..#*,,,,*#####..
*,≈.∩..≈≈†#..########..####
*,≈...(Z5Y@.........#......
*,≈....≈≈≈..........#......
*,≈.≈≈.((≈..........#......
*,≈..≈≈≈.≈.............##..
*,≈..≈≈≈≈..#.##........##..
**,≈..≈.≈≈.#####............
*,≈≈≈≈≈≈≈..#.......8........
*,≈≈.≈≈≈...#............##..
*,≈≈,≈≈.≈≈,#............####


You could see a death yak, an electric eel, a white imp and an adder simulacrum.

Vanquished Creatures
  A polar bear (D:8)
  Menkaure (D:7)
  The ghost of truemonolith the Cutter, an amateur HaBe of Trog (D:3)
  Edmund (D:4)
  4 ogres
  2 sky beasts
  2 ice beasts (D:8)
  A phantom (D:6)
  A centaur (D:7)
  A big kobold (D:7)
  4 bullfrogs
  A gnoll sergeant (D:6)
  A wyvern skeleton (D:7)
  3 scorpions
  A jelly (D:6)
  An electric eel (D:8)
  3 howler monkeys
  5 wights (D:6)
  2 crimson imps (D:7)
  A bullfrog zombie (D:7)
  A quasit (D:6)
  2 orc priests
  An orc wizard (D:6)
  9 worker ants
  Terence (D:2)
  Natasha (twice) (D:4)
  2 iguanas (D:6)
  A hound skeleton (D:5)
  A worker ant zombie (D:8)
  8 adders
  8 gnolls
  2 shadow imps
  4 white imps (D:8)
  An adder zombie (D:5)
  A worm (D:2)
  A dart slug (D:2)
  6 leopard geckos
  9 orcs
  7 giant cockroaches
  15 goblins
  13 hobgoblins
  2 quokkas (D:6)
  2 ball pythons
  7 bats
  4 frilled lizards
  A jackal zombie (D:6)
  18 kobolds
  A leopard gecko simulacrum (D:8)
  11 rats
178 creatures vanquished.

Vanquished Creatures (collateral kills)
  An ogre (D:8)
1 creature vanquished.

Vanquished Creatures (others)
  A quokka (D:3)
1 creature vanquished.

Grand Total: 180 creatures vanquished

Notes
Turn   | Place    | Note
-------+----------+-------------------------------------------
     0 | D:1      | tognito the Minotaur Berserker began the quest for the Orb.
     0 | D:1      | Reached XP level 1. HP: 19/19 MP: 0/0
   301 | D:1      | Reached XP level 2. HP: 25/27 MP: 1/1
  1043 | D:2      | Noticed Terence
  1048 | D:2      | Reached XP level 3. HP: 34/34 MP: 2/2
  1059 | D:2      | Killed Terence
  1176 | D:2      | Reached XP level 4. HP: 40/41 MP: 3/3
  1177 | D:2      | Reached ** piety under Trog
  1753 | D:3      | Noticed truemonolith's ghost (amateur HaBe)
  1771 | D:3      | Killed truemonolith's ghost
  1771 | D:3      | Reached skill level 5 in Fighting
  1771 | D:3      | Reached skill level 5 in Axes
  1771 | D:3      | Reached XP level 5. HP: 48/48 MP: 4/4
  1925 | D:3      | Found a radiant altar of Vehumet.
  2024 | D:3      | Found an opulent altar of Gozag.
  2181 | D:3      | Reached XP level 6. HP: 52/57 MP: 5/5
  2422 | D:3      | Reached *** piety under Trog
  2583 | D:4      | Found Cuaxues's Gadget Shoppe.
  2633 | D:4      | Noticed Edmund
  2649 | D:4      | Killed Edmund
  2649 | D:4      | Reached XP level 7. HP: 61/64 MP: 6/6
  2788 | D:4      | Noticed Natasha
  2794 | D:4      | Killed Natasha
  3248 | D:4      | Noticed Natasha
  3254 | D:4      | Killed Natasha
  3450 | D:5      | Entered Level 5 of the Dungeon
  3599 | D:5      | Found a glowing golden altar of the Shining One.
  3602 | D:5      | Found a deep blue altar of Sif Muna.
  3606 | D:5      | Found a sacrificial altar of Ru.
  3606 | D:5      | Found a burning altar of Makhleb.
  3606 | D:5      | Found an ancient bone altar of Kikubaaqudgha.
  3607 | D:5      | Found a bloodstained altar of Trog.
  4169 | D:5      | Reached XP level 8. HP: 67/73 MP: 7/7
  4265 | D:6      | Reached skill level 5 in Armour
  4305 | D:6      | Reached **** piety under Trog
  4891 | D:6      | Reached skill level 5 in Dodging
  5328 | D:6      | Gained mutation: Your body sometimes deteriorates upon taking damage. [potion of mutation]
  5328 | D:6      | Gained mutation: You possess an exceptional clarity of mind. [potion of mutation]
  5328 | D:6      | Gained mutation: You are partially covered in rugged brown scales. (AC +1, +3% HP) [potion of mutation]
  5530 | D:6      | Found a staircase to the Ecumenical Temple.
  5852 | D:7      | Identified a scroll of acquirement
  5902 | D:7      | Reached XP level 9. HP: 85/85 MP: 8/8
  6136 | D:7      | Found a white marble altar of Elyvilon.
  6136 | D:7      | Found a hide-covered altar of Uskayaw.
  6433 | D:7      | Noticed Menkaure
  6439 | D:7      | Killed Menkaure
  6844 | D:8      | Got a shimmering hand crossbow
  6845 | D:8      | Identified the +6 hand crossbow "Hyod Nui" {speed, -Tele rN+ Stlth+} (You found it on level 8 of the Dungeon)
  7176 | D:8      | Reached skill level 10 in Fighting
  7451 | D:8      | Noticed a death yak
  7452 | D:8      | Noticed a polar bear
  7459 | D:8      | Killed a polar bear
  7459 | D:8      | Reached skill level 10 in Axes
  7461 | D:8      | HP: 3/132 [death yak (6)]
  7461 | D:8      | Killed from afar by an electric eel

Skill      XL: |  1  2  3  4  5  6  7  8  9 |
---------------+----------------------------+-----
Fighting       | 4 5 6 7 9 10 | 10.3
Axes           | 4 5 6 7 9 10 | 10.3
Armour         | 3 4 6 7 |  7.0
Dodging        | 3 4 5 6 |  6.3

Action                   |  1- 3 |  4- 6 |  7- 9 || total
-------------------------+-------+-------+-------++-------
Melee: Hand axe          |    72 |   135 |    30 ||   237
       Headbutt          |    15 |    23 |    38 ||    76
       Battleaxe         |       |       |   210 ||   210
 Fire: Hand crossbow     |       |       |    14 ||    14
Invok: Berserk           |       |     2 |     4 ||     6
       Brothers in Arms  |       |       |     1 ||     1
Evoke: Wand              |       |       |     3 ||     3
  Use: Potion            |     3 |     1 |     5 ||     9
       Scroll            |       |       |    11 ||    11
  Eat: Chunk             |     1 |     6 |    19 ||    26
Armor: Animal skin       |     7 |       |       ||     7
       Chain mail        |    14 |    76 |    44 ||   134
       Ring mail         |     5 |       |    61 ||    66
Dodge: Dodged            |    34 |    64 |   144 ||   242
